 Dungeon Crawl Stone Soup version 0.26-a0-597-gb535b0901c (webtiles) character file.

Game seed: 3143935901562179977

429 Borgoz the Ruffian (level 6, -1/51 HPs)
             Began as a Ghoul Gladiator on Sept 15, 2020.
             Slain by a gnoll
             ... wielding a +0 spear
              (7 damage)
             ... on level 4 of the Dungeon.
             The game lasted 00:05:04 (3461 turns).

Borgoz the Ruffian (Ghoul Gladiator)                Turns: 3461, Time: 00:05:04

Health: -1/51      AC:  7    Str: 19    XL:     6   Next: 98%
Magic:  5/5        EV: 27    Int:  3    God:
Gold:   195        SH:  0    Dex: 11    Spells: 5/5 levels left

rFire    + . .     SeeInvis .     - Unarmed
rCold    + . .     Faith    .   (no shield)
rNeg     + + +     Spirit   .   t - +0 ring mail
rPois    ∞         Reflect  .   b - +0 helmet
rElec    .         Harm     .   (no cloak)
rCorr    +                      (no gloves)
MR       .....                  u - +0 pair of boots
Stlth    +.........             m - amulet of the acrobat
HPRegen  0.00/turn              d - ring of resist corrosion
MPRegen  0.09/turn              j - ring of protection from fire

@: mighty, acrobat, flying
A: rotting body, claws 1, cold resistance 1, negative energy resistance 3,
inhibited regeneration, torment resistance, unbreathing
a: no special abilities


You were on level 4 of the Dungeon.
You visited 1 branch of the dungeon, and saw 4 of its levels.

You collected 195 gold pieces.

Inventory:

Missiles
 c - a throwing net (quivered)
Armour
 a - a cursed +0 leather armour
 b - a +0 helmet (worn)
 s - a +0 scale mail
 t - a +0 ring mail (worn)
 u - a +0 pair of boots (worn)
Jewellery
 d - a ring of resist corrosion (left claw)
 h - an uncursed amulet of faith
 j - a ring of protection from fire (right claw)
 m - an amulet of the acrobat (around neck)
Scrolls
 e - a scroll of amnesia
 g - 2 scrolls of enchant weapon {unknown}
 i - 3 scrolls of remove curse
 k - a scroll of teleportation {unknown}
 l - a scroll of random uselessness {unknown}


   Skills:
 + Level 3.6 Fighting
 - Level 1.7 Throwing
 * Level 3.0 Armour
 * Level 4.4 Dodging
 * Level 5.1 Unarmed Combat


You had 5 spell levels left.
You didn't know any spells.
Your spell library contained the following spells:

 Spells                   Type           Power        Failure   Level
 Confusing Touch          Hex            #.......     97%         3
 Gell's Gravitas          Tloc           #.........   97%         3
 Portal Projectile        Hex/Tloc       #.....       97%         3
 Petrify                  Tmut/Erth      #.......     100%        4
 Metabolic Englaciation   Hex/Ice        #.........   100%        5
 Yara's Violent Unravell  Hex/Tmut       #.........   100%        5
 Dispersal                Tloc           #.........   100%        6
 Disjunction              Tloc           #.........   100%        8


Dungeon Overview and Level Annotations

Branches:
Dungeon (4/15)
 Temple: D:4-7

Altars:
Makhleb
Vehumet


Innate Abilities, Weirdness & Mutations

Your body is rotting away.
You thrive by killing the living.
You are immune to poison.
You have sharp fingernails.
Your flesh is cold resistant. (rC+)
You are immune to negative energy. (rN+++)
You do not regenerate when monsters are visible.
You are immune to unholy pain and torment.
You can survive without breathing.


Message History

You feel very buoyant.
You fly up into the air.
The gnoll hits you with a +1 whip of pain.
* * * LOW HITPOINT WARNING * * *
The ball python barely misses you. The ball python constricts you.
A gnoll comes into view.
It is wielding a +0 spear and quivering 11 poisoned darts.
You escape the ball python's grasp.
The ball python completely misses you. The ball python grabs you.
* * * LOW HITPOINT WARNING * * *
The ball python constricts you.
You escape the ball python's grasp.
Okay, then.
The gnoll drinks a potion.
The gnoll seems to speed up.
You see here a worker ant corpse.
The gnoll completely misses you. x2
Things that are here:
a +0 hand axe; a +0 war axe; an orc corpse A giant cockroach comes into view.
The gnoll hits you with a +0 spear!
You die...

##............ .. ..s.!.....
.##.. #.##........##...... ..
..........................
#..# .. #.....................
..o.##.###...)................
.....#..#...##<...............
.#......##..)#g#..............
.........#..)@)#.#.#.........#
.....$.......##g.#.#.......#.#
......†......S........#<.....#
.......)..............##......
.......................#.[...#
.....#........#...#...#.....##
#... ###......#...#...#.....##
... ###......###...##.....# #.
##......##...#.....##


You could see 2 gnolls and a giant cockroach (wandering).

Vanquished Creatures
  A crimson imp (D:3)
  2 hounds
  A gnoll shaman (D:4)
  2 orc wizards (D:4)
  3 worker ants
  5 gnolls
  4 adders
  2 worms
  2 dart slugs
  3 leopard geckos
  10 orcs
  12 bats
  3 giant cockroaches
  3 goblins
  11 hobgoblins
  4 jackals (D:3)
  3 frilled lizards
  12 kobolds
  8 rats
91 creatures vanquished.

Notes
Turn   | Place    | Note
-------+----------+-------------------------------------------
     0 | D:1      | Borgoz the Ghoul Gladiator began the quest for the Orb.
     0 | D:1      | Reached XP level 1. HP: 17/17 MP: 0/0
    86 | D:1      | Reached XP level 2. HP: 17/25 MP: 1/1
   547 | D:1      | Reached XP level 3. HP: 30/30 MP: 2/2
   616 | D:1      | Reached skill level 1 in Armour
  1212 | D:2      | Found a faded altar of an unknown god.
  1653 | D:2      | Reached skill level 4 in Unarmed Combat
  1653 | D:2      | Reached XP level 4. HP: 18/37 MP: 3/3
  2391 | D:3      | Found a burning altar of Makhleb.
  2392 | D:3      | Found a radiant altar of Vehumet.
  2396 | D:3      | Reached XP level 5. HP: 40/45 MP: 4/4
  3284 | D:4      | Reached XP level 6. HP: 51/51 MP: 5/5
  3447 | D:4      | Reached skill level 5 in Unarmed Combat
  3461 | D:4      | Slain by a gnoll

Illustrated notes

Levels and vault maps discovered:
D:1:      erik_arrival_triangle_huge, layout_basic, serial_curves,
          eino_curves_03, eino_curves_03, eino_curves_04
D:2:      layout_basic, chequers_ecumenical_altar_grove, minmay_misc_feat_square
D:3:      minmay_wonky_spiral, layout_basic,
          grunt_temple_overflow_lords_of_destruction, minmay_checkerbox
D:4:      layout_cave_pools, kennysheep_mini, minmay_temple_entry_fiery

Skill      XL: |  1  2  3  4  5  6 |
---------------+-------------------+-----
Dodging        | 3 4 |  4.4
Armour         | 1 2 3 |  3.0
Unarmed Combat | 4 5 |  5.1
Fighting       | 3 |  3.6
Throwing       | |  1.7

Action                   |  1- 3 |  4- 6 || total
-------------------------+-------+-------++-------
Melee: Unarmed           |   141 |   183 ||   324
       Punch             |       |     6 ||     6
Throw: Throwing net      |     4 |     1 ||     5
  Use: Scroll            |     3 |     3 ||     6
       Potion            |       |     4 ||     4
 Stab: Held in net/web   |     1 |       ||     1
Armor: Leather armour    |    36 |    19 ||    55
       Ring mail         |       |    43 ||    43
Dodge: Dodged            |   105 |   142 ||   247

Table legend: (Time is in decaauts)
 A = Elapsed time spent in this place.
 B = Non-inter-level travel time spent in this place.
 C = Inter-level travel time spent in this place.
 D = Time resting spent in this place.
 E = Time spent auto-exploring this place.
 F = Levels seen in this place.
 G = Mean time per level.
                   A        B        C        D        E       F      G
               +--------+--------+--------+--------+--------+-----+--------+
         Total |   3432 |   3356 |     76 |    702 |   1993 |   4 |  858.0 |
       Dungeon |   3432 |   3356 |     76 |    702 |   1993 |   4 |  858.0 |
               +--------+--------+--------+--------+--------+-----+--------+

Top non-repeatable levels by time:
     D:3: 1225 daAuts
     D:2: 1123 daAuts
     D:1: 947 daAuts
     D:4: 135 daAuts
